TOP OF THE 1ST |
West Virginia Power batting - Pitching for Memphis Blues : LHP Joe Barnes
|
Pitching: LHP Joe Barnes
|
|
Batting: RHB Luis Quezada
|
0-0: Ball 1-0: Fly out, F5 (Line Drive, 5)
|
Batting: RHB Javier Peña
|
0-0: Called Strike 0-1: Ball 1-1: Swinging Strike 1-2: Ball 2-2: Foul Ball, location: 2F 2-2: Foul Ball, location: 2F 2-2: Ground out 6-3 (Groundball, 56)
|
Batting: LHB Ken Nelson
|
0-0: Called Strike 0-1: TRIPLE (Line Drive, 78D)
|
Batting: RHB Tony Parker
|
0-0: Called Strike 0-1: Ball 1-1: Swinging Strike 1-2: Ground out U3 (Groundball, 3L)
|
Top of the 1st over - 0 run(s), 1 hit(s), 0 error(s), 1 left on base; West Virginia 0 - Memphis 0 |
BOTTOM OF THE 1ST |
Memphis Blues batting - Pitching for West Virginia Power : RHP Wyatt Anderson
|
Pitching: RHP Wyatt Anderson
|
|
Batting: SHB Terry Dailey
|
0-0: Ball 1-0: Ball 2-0: Called Strike 2-1: Ball 3-1: Swinging Strike 3-2: Base on Balls
|
Batting: RHB Lorenzo Mota
|
0-0: Ball 1-0: Fly out, F7 (Flyball, 7S)
|
Batting: LHB Chris Austin
|
0-0: Called Strike 0-1: Ball 1-1: Foul Ball, location: 2F 1-2: Ground out 6-3 (Groundball, 6S) Terry Dailey to second
|
Batting: LHB Alan McGilroy
|
0-0: Ground out U3 (Groundball, 34)
|
Bottom of the 1st over - 0 run(s), 0 hit(s), 0 error(s), 1 left on base; West Virginia 0 - Memphis 0 |
TOP OF THE 2ND |
West Virginia Power batting - Pitching for Memphis Blues : LHP Joe Barnes
|
Batting: SHB Thomas Simmons
|
0-0: Ball 1-0: Called Strike 1-1: Ground out 6-3 (Groundball, 6)
|
Batting: LHB Phil Neal
|
0-0: Foul Ball, location: 2F 0-1: Called Strike 0-2: Ball 1-2: Ball 2-2: Strikes out swinging
|
Batting: SHB Waylon Adams
|
0-0: Ball 1-0: Fly out, F9 (Flyball, 9S)
|
Top of the 2nd over - 0 run(s), 0 hit(s), 0 error(s), 0 left on base; West Virginia 0 - Memphis 0 |
BOTTOM OF THE 2ND |
Memphis Blues batting - Pitching for West Virginia Power : RHP Wyatt Anderson
|
Batting: RHB Peter Bishop
|
0-0: Called Strike 0-1: SINGLE (Line Drive, 4D)
|
Batting: LHB Phil Cantrell
|
0-0: Ball 1-0: Called Strike 1-1: Ball 2-1: Foul Ball, location: 2F 2-2: Fielders Choice at 2nd, 4-6 (Groundball, 4)
|
Batting: RHB Emílio Bruno
|
0-0: Ball Phil Cantrell is caught stealing 2nd base 1-0: SINGLE (Flyball, 9LM)
|
Batting: RHB David Crespo
|
0-0: Ball 1-0: Called Strike 1-1: Ground out 6-3 (Groundball, 6MS)
|
Bottom of the 2nd over - 0 run(s), 2 hit(s), 0 error(s), 1 left on base; West Virginia 0 - Memphis 0 |
TOP OF THE 3RD |
West Virginia Power batting - Pitching for Memphis Blues : LHP Joe Barnes
|
Batting: LHB Wally Harris
|
0-0: Ball 1-0: Foul Ball, location: 2F 1-1: SINGLE (Flyball, 78S)
|
Batting: RHB Pedro Echevarría
|
0-0: Called Strike 0-1: Called Strike 0-2: Ball 1-2: Ball 2-2: Strikes out swinging
|
Batting: RHB Luis Quezada
|
0-0: Called Strike Wally Harris steals 2nd base 0-1: SINGLE (Line Drive, 34D) Wally Harris to third
|
Batting: RHB Javier Peña
|
0-0: Ball 1-0: Ball 2-0: Called Strike 2-1: Ball 3-1: Called Strike 3-2: Reached via error on a dropped throw, E6 Wally Harris scores Luis Quezada to second
|
Batting: LHB Ken Nelson
|
0-0: Called Strike Luis Quezada steals 3rd base Javier Peña to second 0-1: Swinging Strike 0-2: Strikes out swinging
|
Batting: RHB Tony Parker
|
0-0: Ball 1-0: Foul Ball, location: 2F 1-1: Foul Ball, location: 2F 1-2: Ball 2-2: Ground out 5-3 (Groundball, 5L)
|
Top of the 3rd over - 1 run(s), 2 hit(s), 1 error(s), 2 left on base; West Virginia 1 - Memphis 0 |
BOTTOM OF THE 3RD |
Memphis Blues batting - Pitching for West Virginia Power : RHP Wyatt Anderson
|
Batting: RHB Ángel López
|
0-0: SINGLE (Flyball, 89S) - OUT at second base trying to stretch hit.
|
Batting: SHB Terry Dailey
|
0-0: Ball 1-0: Ball 2-0: Foul Ball, location: 2F 2-1: Foul Ball, location: 2F 2-2: Ground out U3 (Groundball, 3L)
|
Batting: RHB Lorenzo Mota
|
0-0: Called Strike 0-1: Ball 1-1: Called Strike 1-2: Foul Ball, location: 2F 1-2: Fly out, F7 (Flyball, 78M)
|
Bottom of the 3rd over - 0 run(s), 1 hit(s), 0 error(s), 0 left on base; West Virginia 1 - Memphis 0 |
TOP OF THE 4TH |
West Virginia Power batting - Pitching for Memphis Blues : LHP Joe Barnes
|
Batting: SHB Thomas Simmons
|
0-0: Ball 1-0: Ground out 5-3 (Groundball, 56S)
|
Batting: LHB Phil Neal
|
0-0: Ball 1-0: SINGLE (Groundball, 4M) (infield hit)
|
Batting: SHB Waylon Adams
|
0-0: Ball 1-0: Called Strike 1-1: Foul Ball, location: 2F 1-2: Ball 2-2: Foul Ball, location: 2F 2-2: Fly out, F4 (Popup, 4)
|
Batting: LHB Wally Harris
|
0-0: Ball 1-0: Ball 2-0: Called Strike 2-1: Foul Ball, location: 2F 2-2: Strikes out swinging
|
Top of the 4th over - 0 run(s), 1 hit(s), 0 error(s), 1 left on base; West Virginia 1 - Memphis 0 |
BOTTOM OF THE 4TH |
Memphis Blues batting - Pitching for West Virginia Power : RHP Wyatt Anderson
|
Batting: LHB Chris Austin
|
0-0: Ball 1-0: Fly out, F7 (Flyball, 78M)
|
Batting: LHB Alan McGilroy
|
0-0: Ball 1-0: Called Strike 1-1: Ball 2-1: SINGLE (Groundball, 6MD)
|
Batting: RHB Peter Bishop
|
0-0: Called Strike 0-1: Grounds into double play, 6-4-3 (Groundball, 6)
|
Bottom of the 4th over - 0 run(s), 1 hit(s), 0 error(s), 0 left on base; West Virginia 1 - Memphis 0 |
TOP OF THE 5TH |
West Virginia Power batting - Pitching for Memphis Blues : LHP Joe Barnes
|
Batting: RHB Pedro Echevarría
|
0-0: Ground out 6-3 (Groundball, 56)
|
Batting: RHB Luis Quezada
|
0-0: Ball 1-0: Ball 2-0: Called Strike 2-1: Foul Ball, location: 2F 2-2: Foul Ball, location: 2F 2-2: Foul Ball, location: 2F 2-2: Fly out, F9 (Flyball, 9S)
|
Batting: RHB Javier Peña
|
0-0: Swinging Strike 0-1: Ball 1-1: Ground out 4-3 (Groundball, 34)
|
Top of the 5th over - 0 run(s), 0 hit(s), 0 error(s), 0 left on base; West Virginia 1 - Memphis 0 |
BOTTOM OF THE 5TH |
Memphis Blues batting - Pitching for West Virginia Power : RHP Wyatt Anderson
|
Batting: LHB Phil Cantrell
|
0-0: Ball 1-0: Ball 2-0: Called Strike 2-1: Foul Ball, location: 2F 2-2: Ball 3-2: DOUBLE (Line Drive, 89XD)
|
Batting: RHB Emílio Bruno
|
0-0: Called Strike 0-1: Foul Ball, location: 2F 0-2: Foul Ball, location: 2F 0-2: Ball 1-2: Ball 2-2: Strikes out swinging
|
Batting: RHB David Crespo
|
0-0: Called Strike 0-1: SINGLE (Flyball, 78S) Phil Cantrell to third
|
Batting: RHB Ángel López
|
0-0: Grounds into double play, 1-6-3 (Groundball, P)
|
Bottom of the 5th over - 0 run(s), 2 hit(s), 0 error(s), 1 left on base; West Virginia 1 - Memphis 0 |
TOP OF THE 6TH |
West Virginia Power batting - Pitching for Memphis Blues : LHP Joe Barnes
|
Batting: LHB Ken Nelson
|
0-0: Foul Ball, location: 2F 0-1: Ball 1-1: DOUBLE (Flyball, 7LM)
|
Batting: RHB Tony Parker
|
0-0: Ball 1-0: Ground out 4-3 (Groundball, 4) Ken Nelson to third
|
Batting: SHB Thomas Simmons
|
0-0: Intentional Walk
|
Batting: LHB Phil Neal
|
0-0: Called Strike Thomas Simmons steals 2nd base 0-1: Called Strike 0-2: Ball 1-2: Ball 2-2: Ground out U3 (Groundball, 3L)
|
Batting: SHB Waylon Adams
|
0-0: Ball 1-0: Ball 2-0: Ball 3-0: Base on Balls
|
Batting: LHB Wally Harris
|
0-0: Ball 1-0: Ball 2-0: SINGLE (Line Drive, 6D) Ken Nelson scores Thomas Simmons to third Waylon Adams to second Runner from 3rd tries for Home, SAFE, throw made at trailing runner, OUT at third!
|
Top of the 6th over - 2 run(s), 2 hit(s), 0 error(s), 1 left on base; West Virginia 3 - Memphis 0 |
BOTTOM OF THE 6TH |
Memphis Blues batting - Pitching for West Virginia Power : RHP Wyatt Anderson
|
Batting: SHB Terry Dailey
|
0-0: Called Strike 0-1: Foul Ball, location: 2F 0-2: Ball 1-2: Ball 2-2: Ball 3-2: SINGLE (Line Drive, 6)
|
Batting: RHB Lorenzo Mota
|
0-0: Ball 1-0: Swinging Strike 1-1: Ball 2-1: Ball 3-1: Called Strike 3-2: Base on Balls Terry Dailey to second
|
Batting: LHB Chris Austin
|
0-0: Fly out, F8 (Flyball, 8LM)
|
Batting: LHB Alan McGilroy
|
0-0: Ball 1-0: Reached on error, E3 (Groundball, 34) Terry Dailey to third Lorenzo Mota to second
|
Batting: RHB Peter Bishop
|
0-0: Called Strike 0-1: Foul Ball, location: 2F 0-2: Ball 1-2: Foul Ball, location: 2F 1-2: Ball 2-2: Strikes out looking
|
Batting: LHB Phil Cantrell
|
0-0: Ball 1-0: Fly out, F7 (Flyball, 7)
|
Bottom of the 6th over - 0 run(s), 1 hit(s), 1 error(s), 3 left on base; West Virginia 3 - Memphis 0 |
TOP OF THE 7TH |
West Virginia Power batting - Pitching for Memphis Blues : LHP Joe Barnes
|
Pitching: LHP António Dávila
|
|
Batting: RHB Pedro Echevarría
|
0-0: Called Strike 0-1: Ball 1-1: Ball 2-1: Foul Ball, location: 2F 2-2: Hit by Pitch
|
Batting: RHB Luis Quezada
|
0-0: Sac Bunt - play at first, batter OUT! 5-3 Pedro Echevarría to second
|
Batting: RHB Javier Peña
|
0-0: Ball 1-0: Foul Ball, location: 2F 1-1: Swinging Strike 1-2: Ball 2-2: Ball 3-2: Base on Balls
|
Batting: LHB Ken Nelson
|
0-0: Ball Pedro Echevarría is caught stealing 3rd base Javier Peña to second 1-0: Swinging Strike 1-1: SINGLE (Line Drive, 7S) Javier Peña to third Runner from 3rd tries for Home, SAFE, no throw
|
Batting: RHB Tony Parker
|
0-0: Foul Ball, location: 2F 0-1: Ball 1-1: Called Strike 1-2: Ball 2-2: Fly out, F4 (Flyball, 4MD)
|
Top of the 7th over - 1 run(s), 1 hit(s), 0 error(s), 1 left on base; West Virginia 4 - Memphis 0 |
BOTTOM OF THE 7TH |
Memphis Blues batting - Pitching for West Virginia Power : RHP Wyatt Anderson
|
Batting: RHB Emílio Bruno
|
0-0: Ball 1-0: DOUBLE (Line Drive, 7LS)
|
Batting: RHB David Crespo
|
0-0: Ball 1-0: Called Strike 1-1: DOUBLE (Line Drive, 7D) Emílio Bruno scores
|
Batting: RHB Ángel López
|
0-0: Fly out, F9 (Flyball, 9LM)
|
Batting: SHB Terry Dailey
|
0-0: Called Strike 0-1: Swinging Strike 0-2: Ball 1-2: Strikes out swinging
|
Batting: RHB Lorenzo Mota
|
0-0: Called Strike 0-1: Ground out 6-3 (Groundball, 6)
|
Bottom of the 7th over - 1 run(s), 2 hit(s), 0 error(s), 1 left on base; West Virginia 4 - Memphis 1 |
TOP OF THE 8TH |
West Virginia Power batting - Pitching for Memphis Blues : LHP António Dávila
|
Batting: SHB Thomas Simmons
|
0-0: Foul Ball, location: 2F 0-1: Swinging Strike 0-2: Ball 1-2: Strikes out swinging
|
Batting: LHB Phil Neal
|
0-0: Swinging Strike 0-1: Ball 1-1: DOUBLE (Flyball, 78M)
|
Batting: SHB Waylon Adams
|
0-0: Foul Ball, location: 2F 0-1: Swinging Strike 0-2: Strikes out looking
|
Batting: LHB Wally Harris
|
0-0: Foul Ball, location: 2F 0-1: Ball 1-1: Called Strike 1-2: Ball 2-2: Foul Ball, location: 2F 2-2: Ground out 6-3 (Groundball, 6)
|
Top of the 8th over - 0 run(s), 1 hit(s), 0 error(s), 1 left on base; West Virginia 4 - Memphis 1 |
BOTTOM OF THE 8TH |
Memphis Blues batting - Pitching for West Virginia Power : RHP Wyatt Anderson
|
Pitching: RHP Rob Woods
|
|
Batting: LHB Chris Austin
|
0-0: Fly out, F6 (Line Drive, 6)
|
Batting: LHB Alan McGilroy
|
0-0: Ball 1-0: SINGLE (Groundball, 23) (infield hit)
|
Batting: RHB Peter Bishop
|
0-0: Ball 1-0: Ball 2-0: Ground out 5-3 (Groundball, 6S) Alan McGilroy to second
|
Pitching: LHP Alberto Ruíz
|
|
Batting: LHB Phil Cantrell
|
0-0: Ball 1-0: Swinging Strike 1-1: Foul Ball, location: 2F 1-2: Fly out, F4 (Line Drive, 4)
|
Bottom of the 8th over - 0 run(s), 1 hit(s), 0 error(s), 1 left on base; West Virginia 4 - Memphis 1 |
TOP OF THE 9TH |
West Virginia Power batting - Pitching for Memphis Blues : LHP António Dávila
|
Batting: RHB Pedro Echevarría
|
0-0: SINGLE (Line Drive, 4MD)
|
Batting: RHB Luis Quezada
|
0-0: Called Strike 0-1: Sac Bunt - play at first, batter OUT! 1-3 Pedro Echevarría to second
|
Batting: RHB Javier Peña
|
0-0: Foul Ball, location: 2F 0-1: Foul Ball, location: 2F 0-2: Ball Wild Pitch! Pedro Echevarría to third 1-2: Strikes out swinging
|
Batting: LHB Ken Nelson
|
0-0: Foul Ball, location: 2F 0-1: Ball 1-1: Fly out, F6 (Popup, 6)
|
Top of the 9th over - 0 run(s), 1 hit(s), 0 error(s), 1 left on base; West Virginia 4 - Memphis 1 |
BOTTOM OF THE 9TH |
Memphis Blues batting - Pitching for West Virginia Power : LHP Alberto Ruíz
|
Pitching: RHP Manuel Montoya
|
|
Batting: RHB Emílio Bruno
|
0-0: Called Strike 0-1: Foul Ball, location: 2F 0-2: Ground out 4-3 (Groundball, 4)
|
Batting: RHB David Crespo
|
0-0: Ball 1-0: Ball 2-0: Ball 3-0: Called Strike 3-1: Base on Balls
|
Batting: RHB Ángel López
|
0-0: Fielders Choice at 2nd, 3-6 (Groundball, 34)
|
Batting: SHB Terry Dailey
|
0-0: Fly out, F9 (Flyball, 9S)
|
Bottom of the 9th over - 0 run(s), 0 hit(s), 0 error(s), 1 left on base; West Virginia 4 - Memphis 1 |
|